Workbook

Sheet Lists
A1: Income Categories | C1: Expense Categories | E1: Payment Methods | G1: VAT Rates (as decimal) | I1: YesNo | K1: Vehicle Types
A2: Sales | C2: Advertising & marketing | E2: Bank transfer | G2: 0 | I2: Yes | K2: Car/Van
A3: Other income | C3: Bank charges | E3: Card | G3: 0.05 | I3: No | K3: Motorcycle
A4: Interest received | C4: Equipment & tools | E4: Cash | G4: 0.2 | K4: Bicycle
C5: Insurance | E5: Direct debit
C6: Internet & phone | E6: Standing order
C7: Licences & subscriptions | E7: PayPal
C8: Meals & subsistence | E8: Other
C9: Office supplies & postage
C10: Premises (rent/rates)
C11: Professional fees
C12: Repairs & maintenance
C13: Staff & subcontractors
C14: Training & CPD
C15: Travel & accommodation
C16: Vehicle costs (non-mileage)
C17: Utilities
C18: Use of home as office

Sheet Income
A1: Date | B1: Reference | C1: Customer | D1: Description | E1: Category | F1: Payment method | G1: Net (ex VAT) | H1: VAT rate | I1: VAT | J1: Gross | K1: Paid?
I2: =ROUND(G2*H2,2) -> 0 | J2: =G2+I2 -> 0
I3: =ROUND(G3*H3,2) -> 0 | J3: =G3+I3 -> 0
I4: =ROUND(G4*H4,2) -> 0 | J4: =G4+I4 -> 0
I5: =ROUND(G5*H5,2) -> 0 | J5: =G5+I5 -> 0
I6: =ROUND(G6*H6,2) -> 0 | J6: =G6+I6 -> 0
I7: =ROUND(G7*H7,2) -> 0 | J7: =G7+I7 -> 0
I8: =ROUND(G8*H8,2) -> 0 | J8: =G8+I8 -> 0
I9: =ROUND(G9*H9,2) -> 0 | J9: =G9+I9 -> 0
I10: =ROUND(G10*H10,2) -> 0 | J10: =G10+I10 -> 0
I11: =ROUND(G11*H11,2) -> 0 | J11: =G11+I11 -> 0
I12: =ROUND(G12*H12,2) -> 0 | J12: =G12+I12 -> 0
I13: =ROUND(G13*H13,2) -> 0 | J13: =G13+I13 -> 0
... I501: =ROUND(G501*H501,2) -> 0 | J501: =G501+I501 -> 0

Sheet Expenses
A1: Date | B1: Supplier | C1: Description | D1: Category | E1: Payment method | F1: Net (ex VAT) | G1: VAT rate | H1: VAT | I1: Gross | J1: Allowable? | K1: Receipt kept?
H2: =ROUND(F2*G2,2) -> 0 | I2: =F2+H2 -> 0
H3: =ROUND(F3*G3,2) -> 0 | I3: =F3+H3 -> 0
H4: =ROUND(F4*G4,2) -> 0 | I4: =F4+H4 -> 0
H5: =ROUND(F5*G5,2) -> 0 | I5: =F5+H5 -> 0
H6: =ROUND(F6*G6,2) -> 0 | I6: =F6+H6 -> 0
H7: =ROUND(F7*G7,2) -> 0 | I7: =F7+H7 -> 0
H8: =ROUND(F8*G8,2) -> 0 | I8: =F8+H8 -> 0
H9: =ROUND(F9*G9,2) -> 0 | I9: =F9+H9 -> 0
H10: =ROUND(F10*G10,2) -> 0 | I10: =F10+H10 -> 0
H11: =ROUND(F11*G11,2) -> 0 | I11: =F11+H11 -> 0
H12: =ROUND(F12*G12,2) -> 0 | I12: =F12+H12 -> 0
H13: =ROUND(F13*G13,2) -> 0 | I13: =F13+H13 -> 0
... H501: =ROUND(F501*G501,2) -> 0 | I501: =F501+H501 -> 0

Sheet Mileage
A1: Date | B1: Purpose | C1: From | D1: To | E1: Vehicle | F1: Business miles | G1: RowID | H1: Miles YTD | I1: Rate per mile | J1: Amount (£)
G2: 1 | H2: =SUMIFS(F:F,E:E,E2,A:A,">="&Summary!$C$3,A:A,"<="&Summary!$C$4,G:G,"<="&G2) -> 0 | I2: =IF(E2="Car/Van",IF(H2<=10000,0.45,0.25),IF(E2="Motorcycle",0.24,IF(E2="Bicycle",0.2,0))) -> 0
G3: 2 | H3: =SUMIFS(F:F,E:E,E3,A:A,">="&Summary!$C$3,A:A,"<="&Summary!$C$4,G:G,"<="&G3) -> 0 | I3: =IF(E3="Car/Van",IF(H3<=10000,0.45,0.25),IF(E3="Motorcycle",0.24,IF(E3="Bicycle",0.2,0))) -> 0
G4: 3 | H4: =SUMIFS(F:F,E:E,E4,A:A,">="&Summary!$C$3,A:A,"<="&Summary!$C$4,G:G,"<="&G4) -> 0 | I4: =IF(E4="Car/Van",IF(H4<=10000,0.45,0.25),IF(E4="Motorcycle",0.24,IF(E4="Bicycle",0.2,0))) -> 0
G5: 4 | H5: =SUMIFS(F:F,E:E,E5,A:A,">="&Summary!$C$3,A:A,"<="&Summary!$C$4,G:G,"<="&G5) -> 0 | I5: =IF(E5="Car/Van",IF(H5<=10000,0.45,0.25),IF(E5="Motorcycle",0.24,IF(E5="Bicycle",0.2,0))) -> 0
G6: 5 | H6: =SUMIFS(F:F,E:E,E6,A:A,">="&Summary!$C$3,A:A,"<="&Summary!$C$4,G:G,"<="&G6) -> 0 | I6: =IF(E6="Car/Van",IF(H6<=10000,0.45,0.25),IF(E6="Motorcycle",0.24,IF(E6="Bicycle",0.2,0))) -> 0
G7: 6 | H7: =SUMIFS(F:F,E:E,E7,A:A,">="&Summary!$C$3,A:A,"<="&Summary!$C$4,G:G,"<="&G7) -> 0 | I7: =IF(E7="Car/Van",IF(H7<=10000,0.45,0.25),IF(E7="Motorcycle",0.24,IF(E7="Bicycle",0.2,0))) -> 0
G8: 7 | H8: =SUMIFS(F:F,E:E,E8,A:A,">="&Summary!$C$3,A:A,"<="&Summary!$C$4,G:G,"<="&G8) -> 0 | I8: =IF(E8="Car/Van",IF(H8<=10000,0.45,0.25),IF(E8="Motorcycle",0.24,IF(E8="Bicycle",0.2,0))) -> 0
G9: 8 | H9: =SUMIFS(F:F,E:E,E9,A:A,">="&Summary!$C$3,A:A,"<="&Summary!$C$4,G:G,"<="&G9) -> 0 | I9: =IF(E9="Car/Van",IF(H9<=10000,0.45,0.25),IF(E9="Motorcycle",0.24,IF(E9="Bicycle",0.2,0))) -> 0
G10: 9 | H10: =SUMIFS(F:F,E:E,E10,A:A,">="&Summary!$C$3,A:A,"<="&Summary!$C$4,G:G,"<="&G10) -> 0 | I10: =IF(E10="Car/Van",IF(H10<=10000,0.45,0.25),IF(E10="Motorcycle",0.24,IF(E10="Bicycle",0.2,0))) -> 0
G11: 10 | H11: =SUMIFS(F:F,E:E,E11,A:A,">="&Summary!$C$3,A:A,"<="&Summary!$C$4,G:G,"<="&G11) -> 0 | I11: =IF(E11="Car/Van",IF(H11<=10000,0.45,0.25),IF(E11="Motorcycle",0.24,IF(E11="Bicycle",0.2,0))) -> 0
G12: 11 | H12: =SUMIFS(F:F,E:E,E12,A:A,">="&Summary!$C$3,A:A,"<="&Summary!$C$4,G:G,"<="&G12) -> 0 | I12: =IF(E12="Car/Van",IF(H12<=10000,0.45,0.25),IF(E12="Motorcycle",0.24,IF(E12="Bicycle",0.2,0))) -> 0
G13: 12 | H13: =SUMIFS(F:F,E:E,E13,A:A,">="&Summary!$C$3,A:A,"<="&Summary!$C$4,G:G,"<="&G13) -> 0 | I13: =IF(E13="Car/Van",IF(H13<=10000,0.45,0.25),IF(E13="Motorcycle",0.24,IF(E13="Bicycle",0.2,0))) -> 0
... G501: 500 | H501: =SUMIFS(F:F,E:E,E501,A:A,">="&Summary!$C$3,A:A,"<="&Summary!$C$4,G:G,"<="&G501) -> 0 | I501: =IF(E501="Car/Van",IF(H501<=10000,0.45,0.25),IF(E501="Motorcycle",0.24,IF(E501="Bicycle",0.2,0))) -> 0

Sheet Summary
B2: Sole Trader Income & Expenses Dashboard
B3: Tax Year Start | C3: 06/04/2025
B4: Tax Year End | C4: =DATE(YEAR(C3)+1,4,5) -> 46117
B6: KPIs (within tax year) | E6: Expenses by Category
B7: Total Income (Net) | C7: =SUMIFS(Income!G:G,Income!A:A,">="&C3,Income!A:A,"<="&C4) -> 0 | E7: Category | F7: Total (Net)
B8: Total VAT on Sales | C8: =SUMIFS(Income!I:I,Income!A:A,">="&C3,Income!A:A,"<="&C4) -> 0 | E8: Advertising & marketing | F8: =SUMIFS(Expenses!F:F,Expenses!D:D,"Advertising & marketing",Expenses!A:A,">="&C3,Expenses!A:A,"<="&C4,Expenses!J:J,"Yes") -> 0
B9: Total Expenses (Allowable, Net) | C9: =SUMIFS(Expenses!F:F,Expenses!A:A,">="&C3,Expenses!A:A,"<="&C4,Expenses!J:J,"Yes") -> 0 | E9: Bank charges | F9: =SUMIFS(Expenses!F:F,Expenses!D:D,"Bank charges",Expenses!A:A,">="&C3,Expenses!A:A,"<="&C4,Expenses!J:J,"Yes") -> 0
B10: Total VAT on Purchases | C10: =SUMIFS(Expenses!H:H,Expenses!A:A,">="&C3,Expenses!A:A,"<="&C4,Expenses!J:J,"Yes") -> 0 | E10: Equipment & tools | F10: =SUMIFS(Expenses!F:F,Expenses!D:D,"Equipment & tools",Expenses!A:A,">="&C3,Expenses!A:A,"<="&C4,Expenses!J:J,"Yes") -> 0
B11: Mileage (HMRC method) | C11: =SUMIFS(Mileage!J:J,Mileage!A:A,">="&C3,Mileage!A:A,"<="&C4) -> 0 | E11: Insurance | F11: =SUMIFS(Expenses!F:F,Expenses!D:D,"Insurance",Expenses!A:A,">="&C3,Expenses!A:A,"<="&C4,Expenses!J:J,"Yes") -> 0
B12: Net Profit (pre-capital) | C12: =C7 - C9 - C11 -> 0 | E12: Internet & phone | F12: =SUMIFS(Expenses!F:F,Expenses!D:D,"Internet & phone",Expenses!A:A,">="&C3,Expenses!A:A,"<="&C4,Expenses!J:J,"Yes") -> 0
E13: Licences & subscriptions | F13: =SUMIFS(Expenses!F:F,Expenses!D:D,"Licences & subscriptions",Expenses!A:A,">="&C3,Expenses!A:A,"<="&C4,Expenses!J:J,"Yes") -> 0
E14: Meals & subsistence | F14: =SUMIFS(Expenses!F:F,Expenses!D:D,"Meals & subsistence",Expenses!A:A,">="&C3,Expenses!A:A,"<="&C4,Expenses!J:J,"Yes") -> 0
B15: Tip: set the Tax Year Start to 6 April. Change it once and all sheets update automatically. | E15: Office supplies & postage | F15: =SUMIFS(Expenses!F:F,Expenses!D:D,"Office supplies & postage",Expenses!A:A,">="&C3,Expenses!A:A,"<="&C4,Expenses!J:J,"Yes") -> 0
E16: Premises (rent/rates) | F16: =SUMIFS(Expenses!F:F,Expenses!D:D,"Premises (rent/rates)",Expenses!A:A,">="&C3,Expenses!A:A,"<="&C4,Expenses!J:J,"Yes") -> 0
E17: Professional fees | F17: =SUMIFS(Expenses!F:F,Expenses!D:D,"Professional fees",Expenses!A:A,">="&C3,Expenses!A:A,"<="&C4,Expenses!J:J,"Yes") -> 0
E18: Repairs & maintenance | F18: =SUMIFS(Expenses!F:F,Expenses!D:D,"Repairs & maintenance",Expenses!A:A,">="&C3,Expenses!A:A,"<="&C4,Expenses!J:J,"Yes") -> 0
E19: Staff & subcontractors | F19: =SUMIFS(Expenses!F:F,Expenses!D:D,"Staff & subcontractors",Expenses!A:A,">="&C3,Expenses!A:A,"<="&C4,Expenses!J:J,"Yes") -> 0
E20: Training & CPD | F20: =SUMIFS(Expenses!F:F,Expenses!D:D,"Training & CPD",Expenses!A:A,">="&C3,Expenses!A:A,"<="&C4,Expenses!J:J,"Yes") -> 0
E21: Travel & accommodation | F21: =SUMIFS(Expenses!F:F,Expenses!D:D,"Travel & accommodation",Expenses!A:A,">="&C3,Expenses!A:A,"<="&C4,Expenses!J:J,"Yes") -> 0
E22: Vehicle costs (non-mileage) | F22: =SUMIFS(Expenses!F:F,Expenses!D:D,"Vehicle costs (non-mileage)",Expenses!A:A,">="&C3,Expenses!A:A,"<="&C4,Expenses!J:J,"Yes") -> 0
E23: Utilities | F23: =SUMIFS(Expenses!F:F,Expenses!D:D,"Utilities",Expenses!A:A,">="&C3,Expenses!A:A,"<="&C4,Expenses!J:J,"Yes") -> 0
E24: Use of home as office | F24: =SUMIFS(Expenses!F:F,Expenses!D:D,"Use of home as office",Expenses!A:A,">="&C3,Expenses!A:A,"<="&C4,Expenses!J:J,"Yes") -> 0
B28: Monthly breakdown
B29: Month | C29: Income (Net) | D29: Expenses (Net)
B30: =TEXT(EDATE(C3,0),"mmm-yy") -> Apr-25 | C30: =SUMIFS(Income!G:G,Income!A:A,">="&EDATE(C3,0),Income!A:A,"<"&EDATE(C3,1)) -> 0 | D30: =SUMIFS(Expenses!F:F,Expenses!A:A,">="&EDATE(C3,0),Expenses!A:A,"<"&EDATE(C3,1),Expenses!J:J,"Yes") -> 0
B31: =TEXT(EDATE(C3,1),"mmm-yy") -> May-25 | C31: =SUMIFS(Income!G:G,Income!A:A,">="&EDATE(C3,1),Income!A:A,"<"&EDATE(C3,2)) -> 0 | D31: =SUMIFS(Expenses!F:F,Expenses!A:A,">="&EDATE(C3,1),Expenses!A:A,"<"&EDATE(C3,2),Expenses!J:J,"Yes") -> 0
B32: =TEXT(EDATE(C3,2),"mmm-yy") -> Jun-25 | C32: =SUMIFS(Income!G:G,Income!A:A,">="&EDATE(C3,2),Income!A:A,"<"&EDATE(C3,3)) -> 0 | D32: =SUMIFS(Expenses!F:F,Expenses!A:A,">="&EDATE(C3,2),Expenses!A:A,"<"&EDATE(C3,3),Expenses!J:J,"Yes") -> 0
B33: =TEXT(EDATE(C3,3),"mmm-yy") -> Jul-25 | C33: =SUMIFS(Income!G:G,Income!A:A,">="&EDATE(C3,3),Income!A:A,"<"&EDATE(C3,4)) -> 0 | D33: =SUMIFS(Expenses!F:F,Expenses!A:A,">="&EDATE(C3,3),Expenses!A:A,"<"&EDATE(C3,4),Expenses!J:J,"Yes") -> 0
B34: =TEXT(EDATE(C3,4),"mmm-yy") -> Aug-25 | C34: =SUMIFS(Income!G:G,Income!A:A,">="&EDATE(C3,4),Income!A:A,"<"&EDATE(C3,5)) -> 0 | D34: =SUMIFS(Expenses!F:F,Expenses!A:A,">="&EDATE(C3,4),Expenses!A:A,"<"&EDATE(C3,5),Expenses!J:J,"Yes") -> 0
B35: =TEXT(EDATE(C3,5),"mmm-yy") -> Sep-25 | C35: =SUMIFS(Income!G:G,Income!A:A,">="&EDATE(C3,5),Income!A:A,"<"&EDATE(C3,6)) -> 0 | D35: =SUMIFS(Expenses!F:F,Expenses!A:A,">="&EDATE(C3,5),Expenses!A:A,"<"&EDATE(C3,6),Expenses!J:J,"Yes") -> 0
B36: =TEXT(EDATE(C3,6),"mmm-yy") -> Oct-25 | C36: =SUMIFS(Income!G:G,Income!A:A,">="&EDATE(C3,6),Income!A:A,"<"&EDATE(C3,7)) -> 0 | D36: =SUMIFS(Expenses!F:F,Expenses!A:A,">="&EDATE(C3,6),Expenses!A:A,"<"&EDATE(C3,7),Expenses!J:J,"Yes") -> 0
B37: =TEXT(EDATE(C3,7),"mmm-yy") -> Nov-25 | C37: =SUMIFS(Income!G:G,Income!A:A,">="&EDATE(C3,7),Income!A:A,"<"&EDATE(C3,8)) -> 0 | D37: =SUMIFS(Expenses!F:F,Expenses!A:A,">="&EDATE(C3,7),Expenses!A:A,"<"&EDATE(C3,8),Expenses!J:J,"Yes") -> 0
B38: =TEXT(EDATE(C3,8),"mmm-yy") -> Dec-25 | C38: =SUMIFS(Income!G:G,Income!A:A,">="&EDATE(C3,8),Income!A:A,"<"&EDATE(C3,9)) -> 0 | D38: =SUMIFS(Expenses!F:F,Expenses!A:A,">="&EDATE(C3,8),Expenses!A:A,"<"&EDATE(C3,9),Expenses!J:J,"Yes") -> 0
B39: =TEXT(EDATE(C3,9),"mmm-yy") -> Jan-26 | C39: =SUMIFS(Income!G:G,Income!A:A,">="&EDATE(C3,9),Income!A:A,"<"&EDATE(C3,10)) -> 0 | D39: =SUMIFS(Expenses!F:F,Expenses!A:A,">="&EDATE(C3,9),Expenses!A:A,"<"&EDATE(C3,10),Expenses!J:J,"Yes") -> 0
B40: =TEXT(EDATE(C3,10),"mmm-yy") -> Feb-26 | C40: =SUMIFS(Income!G:G,Income!A:A,">="&EDATE(C3,10),Income!A:A,"<"&EDATE(C3,11)) -> 0 | D40: =SUMIFS(Expenses!F:F,Expenses!A:A,">="&EDATE(C3,10),Expenses!A:A,"<"&EDATE(C3,11),Expenses!J:J,"Yes") -> 0
B41: =TEXT(EDATE(C3,11),"mmm-yy") -> Mar-26 | C41: =SUMIFS(Income!G:G,Income!A:A,">="&EDATE(C3,11),Income!A:A,"<"&EDATE(C3,12)) -> 0 | D41: =SUMIFS(Expenses!F:F,Expenses!A:A,">="&EDATE(C3,11),Expenses!A:A,"<"&EDATE(C3,12),Expenses!J:J,"Yes") -> 0
